 Dungeon Crawl Stone Soup version 0.25-a0-164-gb55e97d (webtiles) character file.

Game seed: 11685207477440157678, levelgen mode: deterministic

2312 vatek the Basher (level 9, -1/82 HPs)
             Began as a Gargoyle Fighter on Nov 22, 2019.
             Slain by a killer bee (3 damage)
             ... on level 6 of the Dungeon.
             The game lasted 00:30:51 (4117 turns).

vatek the Basher (Gargoyle Fighter)                 Turns: 4117, Time: 00:30:52

Health: -1/82      AC: 24    Str: 24    XL:     9   Next: 41%
Magic:  9/9        EV:  2    Int:  9    God:
Gold:   231        SH: 13    Dex: 10    Spells: 8/8 levels left

rFire    . . .     SeeInvis .   r - +3 flail (drain)
rCold    . . .     Gourm    .   c - +2 shield
rNeg     + + +     Faith    .   (armour currently unavailable)
rPois    ∞         Spirit   .   (helmet currently unavailable)
rElec    .         Reflect  .   (cloak currently unavailable)
rCorr    .         Harm     .   (gloves currently unavailable)
MR       .....     NoTele   +   (boots currently unavailable)
Stlth    +.........             (no amulet)
HPRegen  0.23/turn              o - +2 ring of strength
MPRegen  0.11/turn              l - ring of flight

@: tree-form
A: negative energy resistance 1, petrification resistance, rot immunity, AC +6
a: no special abilities


You were on level 6 of the Dungeon.
You were very hungry.
You were a tree.
You visited 1 branch of the dungeon, and saw 6 of its levels.
You also visited: Ossuary.

You collected 231 gold pieces.

Inventory:

Hand Weapons
 a - a +1 flail
 i - a +0 great mace
 k - a +2 dagger of venom
 r - a +3 flail of draining (weapon)
Missiles
 s - 64 bolts
Armour
 b - a +0 scale mail (melded)
 c - a +2 shield (worn)
 t - a +1 helmet (melded)
Jewellery
 l - a ring of flight (right branch)
 n - an uncursed ring of fire
 o - a +2 ring of strength (left branch)
Wands
 p - a wand of random effects (12)
 y - a wand of polymorph (12)
Scrolls
 j - 5 scrolls of amnesia
 q - 3 scrolls of remove curse
 w - a scroll of random uselessness {unknown}
 C - a scroll of fog {unknown}
Potions
 d - a potion of mutation {unknown}
 g - a potion of haste {unknown}
 h - 2 potions of lignification
 m - 3 potions of magic
 u - 5 potions of cancellation
 v - a potion of flight {unknown}
 A - a potion of agility {unknown}
 B - a potion of ambrosia {unknown}
Comestibles
 f - 5 rations


   Skills:
 + Level 5.7 Fighting
 + Level 8.4 Maces & Flails
 + Level 6.0 Armour
 + Level 2.1 Dodging
 + Level 7.2 Shields
 + Level 0.6 Evocations


You had 8 spell levels left.
You didn't know any spells.
Your spell library contained the following spells:

 Spells                   Type           Power        Failure   Level  Hunger
 Confusing Touch          Hex            #.....       73%         1    ##.....
 Corona                   Hex            #......      73%         1    ##.....
 Ensorcelled Hibernation  Hex/Ice        #.....       86%         2    ###....
 Confuse                  Hex            #.......     97%         3    ####...
 Dazzling Spray           Conj/Hex       #.....       97%         3    ####...
 Gell's Gravitas          Tloc           #.........   97%         3    ####...
 Tukima's Dance           Hex            #.......     97%         3    ####...
 Petrify                  Tmut/Erth      #.......     100%        4    #####..
 Metabolic Englaciation   Hex/Ice        #.........   100%        5    ######.
 Yara's Violent Unravell  Hex/Tmut       #.........   100%        5    ######.


Dungeon Overview and Level Annotations

Branches:
Dungeon (6/15)            Ossuary (visited)
 Temple: D:4-7

Altars:
Okawaru

Annotations:
D:6 1 transporter, minmay's ghost, novice OpFi


Innate Abilities, Weirdness & Mutations

You are resistant to torment.
((Your stone body is resilient. (AC +6)))
You are immune to poison.
You resist negative energy. (rN+)
((You are resistant to electric shocks. (rElec)))
((You can survive without breathing.))
You are immune to petrification.
You are immune to rotting.


Message History

Minmay's ghost hits you but does no damage.
You miss the killer bee.
The killer bee is almost dead.
You block the killer bee's attack.
The killer bee stings you but does no damage. x2
The hornet stings you but does no damage.
The killer bee stings you.
* * * LOW HITPOINT WARNING * * *
You block the killer bee's attack. x2
The hornet stings you but does no damage.
You block minmay's ghost's attack.
The killer bee stings you but does no damage. x2
You hit the killer bee but do no damage.
The killer bee is almost dead.
You block the killer bee's attack. You block the hornet's attack.
The killer bee stings you but does no damage.
The killer bee stings you.
* * * LOW HITPOINT WARNING * * *
The killer bee stings you.
You die...

.# #....###.###..#.# ##
#...#########...#
#..###.###.###..# ##
#..##...#...##..# .#
#..##.#.#.####..# .#
#..##...#...##..# .#
#########..#.#.#.#.#.#..# .#
#..........#Wy#...#./#..#
.####†.....##.©#♣y#.#,#.©#©.#
.......>...###.#yy#,,,#.$#.##
###.#......# #.#.#.#,#.#?#.#
# #.#......# #.##...#.%y##.#
# #.######## #.#*.#.###.*#.#
# #.#********#.#*...#,..*#.#
#*#.#*,,,,,,,..#*#.###.**#.#
,,...*,******#..**##*****..#
,,...*,* *,,,***,***,,**


You could see a hornet, 3 killer bees and minmay's ghost.

Vanquished Creatures
  Pikel (D:4)
  Grinder (D:4)
  2 wraiths (Ossuary)
  A sky beast (D:5)
  An orc warrior (D:6)
  A phantom (D:5)
  An ogre (D:5)
  Blork the orc (D:4)
  A scorpion (D:3)
  5 wights
  4 killer bees (D:6)
  A howler monkey (D:5)
  2 crimson imps (D:5)
  A hound (D:6)
  3 orc priests
  2 orc wizards
  An iguana (D:4)
  3 worker ants
  A worker ant zombie (D:5)
  8 gnolls (D:3)
  5 adders
  A shadow imp (D:5)
  2 oozes
  2 worms
  A dart slug (D:5)
  2 leopard geckos (D:1)
  13 orcs
  10 giant cockroaches
  5 goblins
  8 hobgoblins
  4 jackals (D:3)
  5 kobolds
  2 quokkas (D:3)
  3 ball pythons
  2 ball python skeletons (Ossuary)
  7 bats
  6 frilled lizards
  A goblin zombie (D:4)
  2 hobgoblin skeletons (Ossuary)
  A hobgoblin zombie (Ossuary)
  3 kobold zombies (Ossuary)
  An orc zombie (Ossuary)
  A quokka zombie (D:4)
  8 rats
136 creatures vanquished.

Vanquished Creatures (others)
  A howler monkey (D:4)
  An orc (D:4)
2 creatures vanquished.

Grand Total: 138 creatures vanquished

Notes
Turn   | Place    | Note
-------+----------+-------------------------------------------
     0 | D:1      | vatek the Gargoyle Fighter began the quest for the Orb.
     0 | D:1      | Reached XP level 1. HP: 14/14 MP: 1/1
   222 | D:1      | Reached XP level 2. HP: 19/19 MP: 2/2
   535 | D:1      | Reached XP level 3. HP: 19/23 MP: 3/3
  1177 | D:3      | Reached XP level 4. HP: 27/28 MP: 4/4
  1451 | D:3      | Reached skill level 3 in Maces & Flails
  1533 | D:3      | Reached XP level 5. HP: 32/33 MP: 5/5
  1811 | D:3      | Reached skill level 4 in Maces & Flails
  1902 | D:3      | Reached XP level 6. HP: 37/38 MP: 6/6
  2262 | D:4      | Noticed Blork the orc
  2275 | D:4      | Killed Blork the orc
  2419 | D:4      | Found a sand-covered staircase.
  2452 | Ossuary  | Entered an ossuary
  2585 | Ossuary  | Noticed a wraith
  2585 | Ossuary  | Noticed a flying skull
  2592 | Ossuary  | Noticed a flying skull
  2598 | Ossuary  | Noticed a flying skull
  2629 | Ossuary  | Noticed a flying skull
  2638 | Ossuary  | Noticed a wraith
  2643 | Ossuary  | Killed a wraith
  2643 | Ossuary  | Reached skill level 5 in Maces & Flails
  2643 | Ossuary  | Reached skill level 1 in Dodging
  2643 | Ossuary  | Reached skill level 5 in Shields
  2643 | Ossuary  | Reached XP level 7. HP: 40/43 MP: 7/7
  2654 | Ossuary  | Noticed a wraith
  2670 | Ossuary  | Killed a wraith
  2721 | Ossuary  | Reached skill level 6 in Maces & Flails
  2810 | D:4      | Noticed Pikel
  2814 | D:4      | Killed Pikel
  2814 | D:4      | Reached skill level 7 in Maces & Flails
  2814 | D:4      | Reached skill level 5 in Armour
  2814 | D:4      | Reached XP level 8. HP: 27/48 MP: 8/8
  2814 | D:4      | Noticed Grinder
  2817 | D:4      | Paralysed by Grinder for 6 turns
  2832 | D:4      | Killed Grinder
  3234 | D:5      | Entered Level 5 of the Dungeon
  3240 | D:5      | Reached skill level 5 in Fighting
  3456 | D:5      | Found an iron altar of Okawaru.
  3506 | D:5      | Reached XP level 9. HP: 51/54 MP: 9/9
  3546 | D:5      | Reached skill level 8 in Maces & Flails
  4042 | D:6      | Noticed a hornet
  4044 | D:6      | Noticed minmay's ghost (novice OpFi)
  4066 | D:6      | Found a transporter.
  4077 | D:6      | Found a transporter.
  4097 | D:6      | HP: 2/55 [killer bee (6)]
  4116 | D:6      | HP: 2/82 [killer bee (6)]
  4117 | D:6      | Slain by a killer bee

Levels and vault maps discovered:
D:1:      nagdon_arrival_zigzag_paths, layout_basic
D:2:      minmay_roachtagon, layout_loops_cross, lemuel_doored_altar
D:3:      layout_loops_ring
D:4:      layout_rooms, enter_ossuary_4, hangedman_decor_peaks_small,
          nicolae_ru_the_path_less_chosen, uniq_blork_the_orc, uniq_grinder,
          uniq_pikel
D:5:      layout_rooms, first_ration, supply_closet_lemuel,
          kennysheep_okawaru_gauntlet
D:6:      kennysheep_big_flooded_room, layout_basic, gammafunk_ghost_hive,
          uniq_menkaure, uniq_edmund, uniq_prince_ribbit1

Skill      XL: |  1  2  3  4  5  6  7  8  9 |
---------------+----------------------------+-----
Shields        | 4 5 6 7 |  7.2
Armour         | 4 5 6 |  6.0
Maces & Flails | 3 4 5 7 8 |  8.4
Fighting       | 4 5 |  5.7
Dodging        | 1 2 |  2.1
Evocations     | |  0.6

Action                   |  1- 3 |  4- 6 |  7- 9 || total
-------------------------+-------+-------+-------++-------
Melee: Flail             |   120 |   210 |   229 ||   559
Throw: Throwing net      |       |     1 |       ||     1
Evoke: Wand              |       |       |     4 ||     4
  Use: Scroll            |     7 |     8 |    14 ||    29
       Potion            |       |     3 |     3 ||     6
  Eat: Ration            |     1 |     1 |     1 ||     3
Armor: Scale mail        |    84 |   107 |   172 ||   363
       Skin              |       |       |    21 ||    21
Dodge: Dodged            |    44 |    57 |   123 ||   224
Block: Shield            |    94 |   132 |   212 ||   438

Table legend:
 A = Non-vault XP
 B = Vault XP
 C = Vault XP percentage of total XP
 D = Non-vault monster count
 E = Vault monster count
 F = Vault count percentage of total count
                 A         B        C        D         E       F
            +---------+---------+-------+---------+---------+-------
      Total |    1661 |    1642 |  49.7 |     109 |      29 |  21.0
            +---------+---------+-------+---------+---------+-------
        D:1 |      37 |       0 |   0.0 |      22 |       0 |   0.0
        D:2 |      18 |      14 |  43.8 |       4 |       7 |  63.6
        D:3 |     256 |       0 |   0.0 |      36 |       0 |   0.0
        D:4 |     195 |     848 |  81.3 |      14 |       5 |  26.3
        D:5 |     714 |       0 |   0.0 |      23 |       0 |   0.0
        D:6 |     441 |     247 |  35.9 |      10 |       4 |  28.6
    Ossuary |       0 |     533 | 100.0 |       0 |      13 | 100.0
            +---------+---------+-------+---------+---------+-------
